 Dungeon Crawl Stone Soup version 0.20.0-10-g0535bb4 (webtiles) character file.

63 Gorglomux the Ducker (level 4, -5/29 HPs)
             Began as a Halfling Air Elementalist on June 7, 2017.
             Slain by a gnoll
             ... wielding a +0 halberd
              (8 damage)
             ... on level 2 of the Dungeon.
             The game lasted 00:04:44 (2314 turns).

Gorglomux the Ducker (Halfling Air Elementalist)    Turns: 2314, Time: 00:04:45

Health: -5/29      AC:  2    Str:  9    XL:     4   Next: 30%
Magic:  3/6        EV: 16    Int: 13    God:
Gold:   35         SH:  0    Dex: 15    Spells: 5/6 levels left

rFire    . . .     SeeInvis +   i - +0 short sword
rCold    . . .     Gourm    .   (shield restricted)
rNeg     . . .     Faith    .   a - +0 robe
rPois    .         Spirit   .   (no helmet)
rElec    .         Reflect  .   (no cloak)
rCorr    .         Harm     .   (no gloves)
MR       .....                  (no boots)
Stlth    ++........             (no amulet)
Regen    0.1/turn               s - ring of see invisible
MPRegen  0.1/turn               (no ring)

@: no status effects
A: mutation resistance 1
a: no special abilities


You were on level 2 of the Dungeon.
You were not hungry.

You visited 1 branch of the dungeon, and saw 2 of its levels.

You collected 35 gold pieces.

Inventory:

Hand Weapons
 d - a +0 club
 i - a +0 short sword (weapon)
Missiles
 j - 10 stones (quivered)
Armour
 a - a +0 robe (worn)
Jewellery
 s - a ring of see invisible (left hand)
Scrolls
 k - a scroll of remove curse {unknown}
Potions
 l - 3 potions of curing {unknown}
 n - a potion of degeneration {unknown}
Books
 b - a book of Air

   Spells                             Type                      Level
   a - Shock                          Conjuration/Air              1
   b - Swiftness                      Charms/Air                   2
   c - Static Discharge               Conjuration/Air              3
   d - Airstrike                      Air                          4
   e - Lightning Bolt                 Conjuration/Air              5
Comestibles
 c - 2 bread rations
 o - 7 chunks of flesh
 t - a fruit
 u - a royal jelly


   Skills:
 + Level 2.2 Fighting
 + Level 3.4 Dodging
 - Level 2.1 Stealth
 - Level 1.5 Spellcasting
 - Level 0.7 Conjurations
 - Level 3.0 Air Magic


You had 5 spell levels left.
You knew the following spells:

 Your Spells              Type           Power        Failure   Level  Hunger
a - Shock                 Conj/Air       #...         12%         1    ##.....


Dungeon Overview and Level Annotations

Branches:
Dungeon (2/15)

Altars:


Innate Abilities, Weirdness & Mutations

You are small and have problems with some larger weapons.
You are somewhat resistant to further mutation.


Message History

The zap hits the gnoll.
The gnoll is severely wounded.
The gnoll misses you.
Casting: Shock
Confirm with . or Enter, or press ? or * to list all spells.
Aiming: Shock
Press: ? - help, Shift-Dir - straight line, f/p - gnoll
Aim: a gnoll, wielding a halberd (heavily wounded)
The zap hits the gnoll.
The gnoll is severely wounded.
The zap hits the gnoll.
The gnoll appears unharmed.
The gnoll is severely wounded.
The gnoll hits you from afar with a halberd!
Ouch! That really hurt!
* * * LOW HITPOINT WARNING * * *
There is a stone staircase leading down here.
A worm comes into view.
Found a bread ration.
The gnoll hits you from afar with a halberd!
You die...

### #.. ###### #.# #....#
#.#
######....######.########
.............g.g....w....
######.#...#####g.###..
..######.###.<#...........
......##.# ##÷#.@.........
......##g## #÷............
......##..###............#
#.....###.#..............#
#.....###>.............#..
#......................#.%
#......................#
................########
...............##


You could see a worm and a gnoll.

Vanquished Creatures
  An adder (D:2)
  4 leopard geckos (D:1)
  2 giant cockroaches (D:1)
  5 goblins (D:1)
  8 hobgoblins (D:1)
  4 jackals
  2 quokkas (D:2)
  A ball python (D:1)
  5 bats
  3 frilled lizards (D:1)
  4 kobolds (D:1)
  6 rats
45 creatures vanquished.

Notes
Turn   | Place    | Note
-------+----------+-------------------------------------------
     0 | D:1      | Gorglomux the Halfling Air Elementalist began the quest for the Orb.
     0 | D:1      | Reached XP level 1. HP: 11/11 MP: 3/3
   309 | D:1      | Reached XP level 2. HP: 9/18 MP: 0/4
   327 | D:1      | Reached skill level 1 in Fighting
   835 | D:1      | Reached XP level 3. HP: 14/23 MP: 1/5
   873 | D:1      | Reached skill level 3 in Dodging
  2125 | D:2      | Reached XP level 4. HP: 29/29 MP: 2/6
  2286 | D:2      | HP: 1/29 [gnoll/halberd (16)]
  2314 | D:2      | Slain by a gnoll

Skill      XL: |  1  2  3 |
---------------+----------+-----
Fighting       | 1 2 |  2.2
Dodging        | 3 |  3.4
Stealth        | |  2.1
Spellcasting   | |  1.5
Conjurations   | |  0.7
Air Magic      | |  3.0

Action                   |  1- 3 |  4- 6 || total
-------------------------+-------+-------++-------
Melee: Unarmed           |    16 |       ||    16
       Club              |    18 |       ||    18
       Short sword       |    27 |     2 ||    29
 Cast: Shock             |    66 |    17 ||    83
 Stab: Sleeping          |     1 |       ||     1
  Eat: Chunk             |     6 |     1 ||     7
Armor: Robe              |    17 |     1 ||    18
Dodge: Dodged            |   132 |    10 ||   142
